AoeStats
← 我说狂阿七比肥龙强,B站关注狂阿七谢谢喵

MegaRandom

509352852Analyzed
2v2 RM · 7d ago on Sep 26, 2026· 40m 11s· 4 players
Game mode
Random Map
Map size
Medium (4 player)
Population
200
Speed
Normal
Resources
Standard
Victory
Conquest
Starting age
Dark Age
Ending age
Imperial Age
RankedLock teamsTeams togetherTeam positionsShared explorationLock speedFull tech treeHidden civsTurbo modeCheats
Victory
Defeat
🇨🇳 Saxons · China
945
+17
🇺🇸 Britons · United States
976
-16
🇺🇸 Hindustanis · United States
973
-16
qbe
3:29 Loom
11:56 Feudal Age
15:39 Castle Age
13:30 Fishing Lines
14:20 Double-Bit Axe
15:25 Fletching
15:27 Gold Mining
17:12 Gillnets
18:08 Horse Collar
18:43 Bow Saw
23:48 Bodkin Arrow
25:45 Wheelbarrow
25:52 Ballistics
25:14 Treadmill Crane
25:24 Town Watch
26:12 Heavy Plow
27:29 Hand Cart
28:02 Murder Holes
27:57 Guard Tower
29:48 Gold Shaft Mining
29:03 Stone Mining
32:23 Imperial Age
30:35 Masonry
31:01 Caravan
31:12 Careening
31:53 Clerical Recruitment
32:59 Sanctity
32:49 Redemption
33:06 Bracer
34:08 Chemistry
33:32 Dry Dock
33:57 Block Printing
34:16 Illumination
34:27 Theocracy
34:06 Town Patrol
34:47 Conscription
35:37 Keep
34:47 Arrowslits
35:09 Siege Engineers
36:53 Architecture
36:21 Elite Longship
36:59 Shield Wall
39:58 Fortified Wall
40:09 Shipwright
39:54 Siphons
39:40 Heated Shot
我说狂阿七比肥龙强,B站关注狂阿七谢谢喵
11:42 Feudal Age
12:33 Double-Bit Axe
15:21 Castle Age
13:39 Horse Collar
17:19 Wheelbarrow
16:55 Bow Saw
19:20 Heavy Plow
24:42 Town Watch
25:02 Loom
28:35 Hand Cart
31:13 Imperial Age
28:38 Fletching
28:50 Stone Mining
29:27 Ballistics
29:24 Caravan
29:29 Scale Mail Armor
29:39 Forging
29:45 Gold Mining
30:31 Stone Shaft Mining
30:03 Hamask
30:40 Bodkin Arrow
31:00 Chain Mail Armor
31:04 Forging
31:39 Gold Shaft Mining
31:19 Clinker Construction
32:25 Medium Warships
32:22 Bracer
31:55 Cranequins
33:17 Conscription
34:20 Plate Mail Armor
34:26 Iron Casting
33:54 Squires
34:42 Masonry
34:51 Careening
35:01 Carvel Hull
34:46 Elite Longship
35:13 Onager
36:28 Elite Jomsviking
38:10 Blast Furnace
37:45 Padded Archer Armor
37:56 Northmen's Fury
39:11 Hoardings
38:45 Siege Engineers
39:41 Chemistry
38:05 Siege Onager
39:15 Town Patrol
39:21 Scale Barding Armor
39:26 Thumb Ring
39:34 Bloodlines
39:24 Husbandry
40:38 Dry Dock
40:39 Shipwright
40:41 Chain Barding Armor
40:37 Leather Archer Armor
40:28 Arson
40:30 Gambesons
dayvidday
5:17 Loom
11:19 Feudal Age
12:41 Double-Bit Axe
22:15 Castle Age
20:51 Horse Collar
21:04 Gold Mining
21:06 Stone Mining
23:01 Fishing Lines
24:56 Gillnets
25:38 Bow Saw
25:29 Crossbowman
27:45 Medium Warships
31:30 Gold Shaft Mining
36:22 Imperial Age
34:18 Town Watch
37:40 Arbalester
38:06 Cavalier
39:00 Forging
38:41 Fletching
babyquails
12:00 Feudal Age
16:07 Castle Age
14:53 Double-Bit Axe
14:50 Horse Collar
17:56 Bow Saw
20:20 Forging
21:58 Wheelbarrow
27:59 Imperial Age
26:56 Scale Mail Armor
26:57 Padded Archer Armor
27:42 Heavy Plow
30:14 Chemistry
30:04 Leather Archer Armor
29:52 Gold Mining
32:10 Ring Archer Armor
34:24 Hand Cart
Connection lost

Rejoining the realm…

Still unreachable

The connection could not be restored.

Session expired

The server has moved on; the page needs a fresh start.